 Dungeon Crawl Stone Soup version 0.17.0-26-gececa24 (webtiles) character file.

573 Raultor the Insei (level 7, -2/46 HPs)
             Began as an Octopode Transmuter on Nov 20, 2015.
             Slain by a sky beast (6 damage)
             ... on level 4 of the Dungeon.
             The game lasted 00:14:28 (4487 turns).

Raultor the Insei (Octopode Transmuter)             Turns: 4487, Time: 00:14:28

Health: -2/46      AC:  2    Str: 11    XL:     7   Next: 34%
Magic:  3/10       EV: 21    Int: 16    God:
Gold:   288        SH:  0    Dex: 17    Spells: 3 memorised, 2 levels left

rFire  . . .     SeeInvis .       - Unarmed
rCold  . . .     Clarity  .     (shield currently unavailable)
rNeg   . . .     SustAt   .     (helmet currently unavailable)
rPois  x         Gourm    .     m - amulet of stasis
rElec  .         Spirit   .     d - ring of loudness (curse)
rCorr  .         Warding  .     (no ring)
rMut   .         Stasis   +     (no ring)
MR     .....                    (no ring)
Stlth  +.........               (no ring)
                                (no ring)
                                (no ring)
                                (no ring)

@: spider-form (expiring), very slightly contaminated, not resistant to hostile
enchantments, very unstealthy
A: almost no armour, amphibious, 8 rings, (constrict 8), (camouflage 0), (poison
resistance), (gelatinous body 0)
a: End Transformation


You were on level 4 of the Dungeon.
You were hungry.
You were a venomous arachnid creature.
You visited 1 branch of the dungeon, and saw 5 of its levels.

You collected 288 gold pieces.

Inventory:

Missiles
 a - 12 arrows
 p - 134 stones (quivered)
Jewellery
 d - a cursed ring of loudness (left front leg)
 m - an amulet of stasis (around neck)
Wands
 v - a wand of fire (5)
Scrolls
 e - 6 scrolls of identify {unknown}
 f - 5 scrolls of remove curse {unknown}
 j - a scroll of immolation {unknown}
 k - 3 scrolls of magic mapping {unknown}
 q - a scroll of fog {unknown}
 r - 3 scrolls of teleportation {unknown}
Potions
 g - a potion of heal wounds {unknown}
 h - a potion of resistance {unknown}
 i - a potion of mutation
 l - a potion of agility {unknown}
 n - a potion of experience {unknown}
 o - a potion of lignification {unknown}
 s - 2 potions of curing
 t - a potion of ambrosia {unknown}
Books
 b - a book of Changes

   Spells                             Type                      Level
   a - Beastly Appendage              Transmutation                1
   b - Sticks to Snakes               Transmutation                2
   c - Spider Form                    Transmutation/Poison         3
   d - Ice Form                       Ice/Transmutation            4
   e - Blade Hands                    Transmutation                5
 y - a book of Dreams

   Spells                             Type                      Level
   a - Ensorcelled Hibernation        Hexes/Ice                    2
   b - Phase Shift                    Translocation                5
   c - Shadow Creatures               Summoning                    5
   d - Silence                        Hexes/Air                    5
   e - Darkness                       Hexes                        6
   f - Mass Confusion                 Hexes                        6
Comestibles
 c - 4 bread rations
 u - a beef jerky
 w - 2 chunks of flesh
 x - a royal jelly


   Skills:
 + Level 3.0 Fighting
 - Level 3.7 Dodging
 - Level 1.5 Stealth
 * Level 6.1 Unarmed Combat
 - Level 2.0 Spellcasting
 + Level 2.5 Transmutations
 * Level 0.6 Ice Magic
 - Level 2.0 Poison Magic


You had 2 spell levels left.
You knew the following spells:

 Your Spells              Type           Power        Failure   Level  Hunger
a - Beastly Appendage     Trmt           #.....       24%         1    #......
b - Spider Form           Trmt/Pois      #.........   50%         3    ###....
c - Ice Form              Ice/Trmt       #.......     98%         4    #####..


Dungeon Overview and Level Annotations

Branches:
Dungeon (5/15)
 Temple: D:4-7

Altars:
Ashenzari
Dithmenos
Fedhas
Gozag
Makhleb
Okawaru
Xom
Zin


Innate Abilities, Weirdness & Mutations

You cannot wear most types of armour.
You are amphibious.
You can wear up to eight rings at the same time.
((You can use your tentacles to constrict eight enemies at once.))
((Your skin blends seamlessly with your surroundings (Stealth).))
((Your rubbery body absorbs attacks (AC +1).))
((Your system is resistant to poisons.))


Message History

Drink which item? (? for menu, Esc to quit)
Okay, then.
Casting: Spider Form
Confirm with . or Enter, or press ? or * to list all spells.
You turn into a venomous arachnid creature.
Something misses you.
Your transformation is almost over.
A sky beast appears from thin air!
Reactivating autopickup.
You hit the sky beast but do no damage.
The sky beast is poisoned.
The sky beast hits you.
* * * LOW HITPOINT WARNING * * *
The sky beast shocks you.
* * * LOW HITPOINT WARNING * * *
You hit the sky beast.
The sky beast is moderately wounded.
The sky beast hits you.
* * * LOW HITPOINT WARNING * * *
The sky beast shocks you.
You die...

#'####....#........####
#.....##..#........#...
#.........#........#...
#.........#........#...
#.....##'##........##'#
########......#######..#
#.............#....#...+
#..<..........#....#...#
#......s......#....#...#
#......Y......#....#...#
######'#......#..####..#
#.....#.....##..####..#
#.....#.....#.........#
#.....#.....'.........#
#.....#.....##..##..###
#.....#......#..##..###
#.....#......#......#..


You could see a sky beast.

Vanquished Creatures
  A phantom (D:3)
  2 scorpions (D:4)
  2 hounds (D:4)
  An orc priest (D:3)
  A centaur skeleton (D:5)
  A gnoll shaman (D:5)
  2 iguanas (D:4)
  A worker ant (D:4)
  3 gnolls (D:5)
  6 adders
  2 oozes
  2 worms
  7 orcs (D:3)
  5 giant cockroaches
  9 hobgoblins
  3 quokkas
  A ball python (D:1)
  10 bats
  4 giant newts
  10 goblins
  4 kobolds
  3 rats
80 creatures vanquished.

Vanquished Creatures (others)
  3 fungi (D:3)
  A plant (D:3)
4 creatures vanquished.

Grand Total: 84 creatures vanquished

Notes
Turn   | Place    | Note
--------------------------------------------------------------
     0 | D:1      | Raultor the Octopode Transmuter began the quest for the Orb.
     0 | D:1      | Reached XP level 1. HP: 13/13 MP: 3/3
   143 | D:1      | Reached XP level 2. HP: 11/18 MP: 5/5
   614 | D:1      | Reached skill level 1 in Stealth
   957 | D:2      | Reached XP level 3. HP: 15/23 MP: 6/6
  1255 | D:2      | Found an iron altar of Okawaru.
  1365 | D:2      | Found a shimmering altar of Xom.
  1365 | D:2      | Found a shimmering altar of Xom.
  1370 | D:2      | Reached skill level 4 in Unarmed Combat
  1371 | D:2      | Found a shimmering altar of Xom.
  1371 | D:2      | Found a shimmering altar of Xom.
  1545 | D:2      | Found a shimmering altar of Xom.
  1547 | D:2      | Found a shimmering altar of Xom.
  1553 | D:2      | Reached XP level 4. HP: 23/28 MP: 7/7
  1601 | D:2      | Learned a level 3 spell: Spider Form
  1831 | D:3      | Found a blossoming altar of Fedhas.
  2366 | D:3      | Found a faded altar to an unknown god.
  2597 | D:3      | Reached skill level 1 in Poison Magic
  2597 | D:3      | Reached XP level 5. HP: 32/34 MP: 8/8
  3136 | D:4      | Found an opulent altar of Gozag.
  3272 | D:4      | Reached XP level 6. HP: 26/39 MP: 9/9
  3485 | D:4      | Found a shadowy altar of Dithmenos.
  3499 | D:4      | Reached skill level 5 in Unarmed Combat
  3510 | D:4      | Found a burning altar of Makhleb.
  3512 | D:4      | Found a glowing silver altar of Zin.
  3512 | D:4      | Noticed a balrug
  3512 | D:4      | Noticed an angel
  3639 | D:4      | Noticed a phantom
  3721 | D:3      | Killed a phantom
  3750 | D:4      | Gained mutation: Your system is resistant to poisons. [potion of mutation]
  3750 | D:4      | Gained mutation: Your skin blends seamlessly with your surroundings (Stealth). [potion of mutation]
  3900 | D:4      | Reached XP level 7. HP: 29/45 MP: 8/10
  3909 | D:4      | Learned a level 4 spell: Ice Form
  4240 | D:5      | Entered Level 5 of the Dungeon
  4250 | D:5      | Found a shattered altar of Ashenzari.
  4436 | D:5      | Found an opulent altar of Gozag.
  4460 | D:5      | Reached skill level 6 in Unarmed Combat
  4487 | D:4      | Slain by a sky beast

Action                   |  1- 3 |  4- 6 |  7- 9 || total
-------------------------+-------+-------+-------++-------
Melee: Unarmed           |    83 |   111 |    40 ||   234
 Cast: Spider Form       |       |     6 |     6 ||    12
  Use: Potion            |       |     2 |     1 ||     3
 Stab: Sleeping          |     5 |     3 |       ||     8
  Eat: Chunk             |     2 |     8 |     2 ||    12
